 Dungeon Crawl Stone Soup version 0.26.0-10-g1f06aea511 (webtiles) character file.

Game seed: 11962246233715528075

7135 StoneSoupSpirit the Cleaver (level 10, 0/70 HPs)
             Began as a Demonspawn Chaos Knight on Jan 26, 2021.
             Was a Plaything of Xom.
             Slain by Snorg (17 damage)
             ... on level 10 of the Dungeon.
             The game lasted 00:48:26 (9549 turns).

StoneSoupSpirit the Cleaver (DsCK)                  Turns: 9549, Time: 00:48:27

Health: 0/70       AC:  7    Str: 13    XL:     10   Next: 85%
Magic:  10/10      EV: 11    Int: 24    God:    Xom [....*.]
Gold:   785        SH:  5    Dex: 17    Spells: 9/9 levels left

rFire    + . .     SeeInvis .   G - +1 hand axe (vorpal)
rCold    . . .     Faith    .   U - +0 buckler
rNeg     . . .     Spirit   .   f - +1 troll leather armour
rPois    .         Reflect  .   (helmet restricted)
rElec    +         Harm     .   V - scarf {repulsion}
rCorr    .         Rampage  .   (no gloves)
Will     .....                  (no boots)
Stlth    +.........             E - amulet of regeneration
HPRegen  1.01/turn              n - ring of protection from fire
MPRegen  0.12/turn              c - ring of Temeyb {+Inv rElec Int+6 Dex+4 Slay+3}

@: repel missiles
A: horns 2, iridescent scales 1, clever 1, demonic guardian 1, sense
surroundings 1, electricity resistance
a: Renounce Religion, Evoke Invisibility


You were on level 10 of the Dungeon.
You worshipped Xom.
You were a beloved toy of Xom.
You visited 1 branch of the dungeon, and saw 10 of its levels.

You collected 785 gold pieces.

Inventory:

Hand Weapons
 a - a +0 hand axe of chaos
 h - a cursed -1 hunting sling
 y - a +0 war axe
 z - a +4 hunting sling of freezing
 A - a +0 hand axe
 G - a +1 vorpal hand axe (weapon)
 M - a +0 war axe
 P - a +0 halberd
Missiles
 o - 393 stones
 r - 40 poisoned darts (quivered)
 u - 3 silver boomerangs
 R - 57 sling bullets
Armour
 b - a +2 leather armour
 f - a +1 troll leather armour (worn)
 C - a cursed +0 cloak
 J - a +0 kite shield
 N - a +1 helmet
 U - a +0 buckler (worn)
 V - a scarf of repulsion (worn)
Magical Staves
 v - a cursed staff of air {unknown}
 O - an uncursed staff of earth {unknown}
 X - an uncursed staff of cold {unknown}
Jewellery
 c - the ring of Temeyb (right hand) {+Inv rElec Int+6 Dex+4 Slay+3}
   (You acquired it on level 10 of the Dungeon)

   [ring of intelligence]

   It affects your intelligence (+6).
   It affects your dexterity (+4).
   It affects your accuracy and damage with ranged weapons and melee attacks
   (+3).
   It insulates you from electricity.
   It lets you turn invisible.
 m - an uncursed ring of poison resistance {unknown}
 n - a ring of protection from fire (left hand)
 B - an uncursed ring of positive energy
 D - a cursed -4 ring of evasion
 E - an amulet of regeneration (around neck)
Wands
 e - a wand of digging (17)
 l - a wand of iceblast (12)
 t - a wand of random effects (48)
 L - a wand of acid (12)
 Q - a wand of polymorph (8)
 W - a wand of paralysis (12)
Scrolls
 d - 11 scrolls of remove curse
 p - 2 scrolls of teleportation
 w - 6 scrolls of enchant armour
 x - 3 scrolls of amnesia
 H - 2 scrolls of noise {unknown}
 K - 2 scrolls of fog {unknown}
 T - 3 scrolls of identify
Potions
 g - 3 potions of resistance
 i - 2 potions of attraction
 j - 2 potions of curing
 k - 3 potions of degeneration
 s - 2 potions of lignification
 I - a potion of flight


   Skills:
 - Level 3.0 Fighting
 + Level 13.9 Axes
 - Level 1.5(9.4) Maces & Flails
 - Level 1.7 Armour
 - Level 0.8 Dodging
 - Level 4.0 Shields
 - Level 1.3 Unarmed Combat
 - Level 1.5 Translocations
 - Level 2.1 Evocations


You had 9 spell levels left.
You didn't know any spells.
Your spell library contained the following spells:

 Spells                   Type           Power        Failure   Level
 Animate Skeleton         Necr           0%           19%         1
 Corona                   Hex            0%           19%         1
 Foxfire                  Conj/Fire      0%           19%         1
 Pain                     Necr           0%           19%         1
 Sting                    Tmut/Pois      0%           19%         1
 Ensorcelled Hibernation  Hex/Ice        0%           28%         2
 Confusing Touch          Hex            0%           50%         3
 Dazzling Flash           Conj/Hex       0%           50%         3
 Tukima's Dance           Hex            0%           50%         3
 Vampiric Draining        Necr           0%           50%         3
 Animate Dead             Necr           0%           88%         4
 Agony                    Necr           0%           99%         5


Dungeon Overview and Level Annotations

Branches:
Dungeon (10/15)            Temple (0/1) D:4            Lair (0/6) D:9
    Orc: D:9-12

Altars:
Ashenzari
Cheibriados
Kikubaaqudgha
Makhleb
Nemelex Xobeh
Sif Muna
Trog
Uskayaw
Xom

Shops:
D:4 !   D:10 !

Annotations:
D:2 1 runed translucent door, Crazy Yiuf
D:7 3 runed translucent doors, denisd0's ghost, novice HuFi
D:8 2 transporters, mopl's ghost, novice DsEn
D:10 Snorg


Innate Abilities, Weirdness & Mutations

You have a pair of horns on your head.
You are partially covered in iridescent scales. (AC +2)
A weak demonic guardian rushes to your aid.
Your mind is acute. (Int +2)
You passively map a small area around you.
You are resistant to electric shocks. (rElec)


Message History

Snorg is engulfed in seething chaos.
Snorg is engulfed in seething chaos. x2
Snorg rages.
Snorg is engulfed in seething chaos.
Snorg is engulfed in seething chaos. x2
Snorg is no longer charmed.
You can no longer detect the Snorg.
Something bites you!
Deactivating autopickup; reactivate with Ctrl-A.
Something claws you! x2
Okay, then.
Okay, then.
You feel much better.
Your trail of clouds dissipates.
Something bites you!! Something claws you but does no damage.
You block something's attack. Something bites you!!
* * * LOW HITPOINT WARNING * * *
Something claws you!
You die... "It was about time."

........#.<.## #
#########...### # #
#.......### # #...(.....#
#..>....#.# ###...###.# #...#
#.############# #####
#...§§§§......#
#.@##########.# #........# #.#
* #....###.# #.# ...##.# #.#
###.##### # * ###. #.#
#.####........ # #.
#.##.###..#.......[.# # #.
###.##..........#..##.# #
###.####..!...............# .#
#
#..........#..†.......[...##.#


There were no monsters in sight!

Vanquished Creatures
  Erica (D:8)
  2 two-headed ogres
  A lindwurm (D:7)
  A manticore (D:9)
  Joseph (D:8)
  A polar bear (D:6)
  A hornet (D:10)
  Sigmund (D:5)
  2 wyverns
  2 yaks (D:9)
  Eustachio (D:5)
  An orc warrior (D:7)
  2 ogres (D:10)
  A phantom (D:4)
  A centaur (D:9)
  A big kobold (D:8)
  3 bullfrogs
  A wyvern skeleton (D:10)
  3 scorpions
  2 killer bees (D:7)
  An electric eel (D:8)
  A howler monkey (D:4)
  5 wights (D:9)
  A bullfrog zombie (D:8)
  2 quasits
  4 orc priests
  4 hounds
  A bullfrog skeleton (D:7)
  A jelly (D:6)
  A centaur skeleton (D:9)
  Terence (D:2)
  7 orc wizards
  Natasha (thrice) (D:2)
  6 iguanas
  8 worker ants
  A hound skeleton (D:5)
  7 gnolls
  5 adders
  3 shadow imps
  4 white imps
  2 ufetubi (D:9)
  2 adder skeletons
  2 worms
  2 dart slugs
  4 leopard geckos
  30 orcs
  A giant cockroach (D:7)
  3 goblins
  8 hobgoblins
  2 jackals (D:2)
  4 quokkas
  3 bats
  5 frilled lizards
  A jackal zombie (D:8)
  14 kobolds
  6 rats
184 creatures vanquished.

Vanquished Creatures (collateral kills)
  A hornet (D:10)
  A wraith (D:10)
  2 yaks (D:9)
  An ice beast (D:6)
  2 sky beasts (D:5)
  2 centaurs
  A lemure (D:6)
  A bullfrog (D:6)
  A scorpion (D:5)
  2 killer bees (D:7)
  A howler monkey (D:6)
  A bullfrog zombie (D:6)
  An orc priest (D:7)
  An orc wizard (D:6)
  An iguana (D:3)
  A worker ant zombie (D:9)
  An adder (D:10)
  An ooze (D:6)
  An ufetubus (D:7)
  2 leopard geckos
  5 orcs
  A giant cockroach (D:8)
  A ball python (D:5)
32 creatures vanquished.

Vanquished Creatures (others)
  A yak (D:9)
  An ufetubus (D:8)
  2 plants (D:8)
4 creatures vanquished.

Grand Total: 220 creatures vanquished

Notes
Turn   | Place    | Note
-------+----------+-------------------------------------------
     0 | D:1      | StoneSoupSpirit the Demonspawn Chaos Knight began the quest
                  | for the Orb.
     0 | D:1      | Reached XP level 1. HP: 18/18 MP: 1/1
   146 | D:1      | Reached skill level 3 in Axes
   191 | D:1      | Gained mutation: A weak demonic guardian rushes to your
                  | aid. [demonic ancestry]
   191 | D:1      | Reached XP level 2. HP: 18/24 MP: 2/2
   213 | D:1      | XOM: silly message
   290 | D:1      | XOM: silly message
   748 | D:2      | Reached XP level 3. HP: 27/29 MP: 3/3
   769 | D:2      | Noticed Terence
   782 | D:2      | Killed Terence
   783 | D:2      | Reached skill level 4 in Axes
   973 | D:2      | Noticed Natasha
   989 | D:2      | XOM: silly message
   997 | D:2      | Killed Natasha
   998 | D:2      | Gained mutation: You are partially covered in iridescent
                  | scales. (AC +2) [demonic ancestry]
   998 | D:2      | Reached XP level 4. HP: 23/35 MP: 4/4
  1071 | D:2      | Noticed Natasha
  1080 | D:2      | XOM: potion effect (might)
  1081 | D:2      | XOM: potion effect (brilliance)
  1084 | D:2      | Killed Natasha
  1095 | D:2      | Found a runed translucent door.
  1096 | D:2      | Noticed Crazy Yiuf
  1105 | D:2      | XOM: divination: magic mapping
  1110 | D:2      | Noticed Natasha
  1115 | D:2      | Killed Natasha
  1116 | D:2      | Reached skill level 5 in Axes
  1414 | D:3      | Reached XP level 5. HP: 28/41 MP: 5/5
  1421 | D:3      | XOM: cloud trail
  1501 | D:3      | You fall into a shaft and drop 3 floors!
  1511 | D:5      | Entered Level 5 of the Dungeon
  1526 | D:5      | XOM: noise
  1545 | D:4      | XOM: silly message
  1584 | D:4      | Found Acsue's Distillery.
  1883 | D:3      | XOM: 5-stop teleportation journey
  2051 | D:3      | XOM: silly message
  2071 | D:3      | XOM: silly message
  2170 | D:3      | XOM: 2-stop teleportation journey
  2343 | D:3      | XOM: summons 1 hostile demon
  2463 | D:3      | Found an ancient bone altar of Kikubaaqudgha.
  2581 | D:3      | XOM: butterfly on damage
  2621 | D:3      | XOM: summons friendly white imp
  2847 | D:4      | Reached skill level 6 in Axes
  2858 | D:4      | Noticed a phantom
  2872 | D:4      | XOM: give mutations
  2872 | D:4      | Gained mutation: Your magical capacity is low. (-10% MP)
                  | [Xom's mischief]
  2872 | D:4      | Gained mutation: You are weak. (Str -2) [Xom's mischief]
  2872 | D:4      | Lost mutation: Your magical capacity is low. (-10% MP)
                  | [Xom's mischief]
  2876 | D:4      | XOM: silly message
  2937 | D:3      | XOM: cloud trail
  3055 | D:4      | XOM: divination: magic mapping
  3060 | D:4      | XOM: enchant monster (good)
  3080 | D:4      | Found a staircase to the Ecumenical Temple.
  3113 | D:4      | Killed a phantom
  3114 | D:4      | Reached XP level 6. HP: 42/47 MP: 6/6
  3167 | D:4      | Noticed a torpor snail
  3168 | D:4      | Found a snail-covered altar of Cheibriados.
  3168 | D:4      | Noticed a torpor snail
  3169 | D:4      | Noticed a torpor snail
  3278 | D:4      | XOM: divination: magic mapping
  3360 | D:4      | XOM: divination: detect creatures
  3495 | D:5      | Noticed a sky beast
  3501 | D:5      | XOM: cast spell 'Call Canine Familiar'
  3512 | D:5      | Killed a sky beast
  3513 | D:5      | Reached skill level 7 in Axes
  3590 | D:5      | Reached XP level 7. HP: 32/52 MP: 7/7
  3633 | D:5      | XOM: give mutations
  3633 | D:5      | Gained mutation: You passively map a small area around you.
                  | [Xom's mischief]
  3633 | D:5      | Lost mutation: You are weak. (Str -2) [Xom's mischief]
  3633 | D:5      | Gained mutation: Your body sometimes deteriorates upon
                  | taking damage. [Xom's mischief]
  3633 | D:5      | Gained mutation: You occasionally shout uncontrollably at
                  | your foes. [Xom's mischief]
  3934 | D:5      | Found a burning altar of Makhleb.
  3934 | D:5      | Found a sparkling altar of Nemelex Xobeh.
  3960 | D:5      | Noticed Eustachio
  3983 | D:5      | Killed Eustachio
  3984 | D:5      | Reached skill level 8 in Axes
  3986 | D:5      | XOM: scenery: summon butterflies
  4013 | D:5      | XOM: summons 1 hostile demon
  4140 | D:5      | XOM: summons 1 hostile demon
  4458 | D:5      | Found a hide-covered altar of Uskayaw.
  4665 | D:5      | Noticed Sigmund
  4677 | D:5      | Killed Sigmund
  4787 | D:6      | XOM: enchant monster (good)
  4796 | D:6      | Reached skill level 9 in Axes
  4796 | D:6      | Reached XP level 8. HP: 49/58 MP: 8/8
  4861 | D:6      | XOM: smoke on damage
  4985 | D:6      | XOM: summons friendly quasit
  5220 | D:6      | XOM: cleaving
  5226 | D:6      | XOM: destruction
  5657 | D:6      | Noticed Pikel
  5676 | D:6      | Noticed Pikel
  5676 | D:6      | Pikel changed into Pikel the polar bear
  5676 | D:6      | XOM: polymorph Pikel -> Pikel the polar bear
  5730 | D:6      | XOM: smoke on damage
  5736 | D:6      | XOM: enchant monster (bad)
  5748 | D:6      | Killed Pikel the polar bear
  5749 | D:6      | Reached skill level 10 in Axes
  5769 | D:6      | XOM: polymorph iron imp -> quasit
  6087 | D:7      | Found a broken altar of Ashenzari.
  6211 | D:7      | Found a runed translucent gate.
  6335 | D:7      | Noticed Harold
  6335 | D:7      | Noticed Harold
  6335 | D:7      | Harold changed into Harold the lindwurm
  6335 | D:7      | XOM: polymorph Harold -> Harold the lindwurm
  6462 | D:7      | XOM: summons 4 friendly demons
  6493 | D:7      | XOM: god gift: thin runed staff {god gift}
  6520 | D:7      | Found a runed translucent gate.
  6520 | D:7      | Found a runed translucent gate.
  6525 | D:7      | Noticed denisd0's ghost (novice HuFi)
  6571 | D:7      | Killed Harold the lindwurm
  6572 | D:7      | Reached skill level 11 in Axes
  6572 | D:7      | Gained mutation: You have a pair of small horns on your
                  | head. [demonic ancestry]
  6572 | D:7      | Reached XP level 9. HP: 22/63 MP: 9/9
  6639 | D:7      | Found a bloodstained altar of Trog.
  6654 | D:7      | XOM: give mutations
  6654 | D:7      | Gained mutation: You are resistant to electric shocks.
                  | (rElec) [Xom's grace]
  6654 | D:7      | Gained mutation: You possess an exceptional clarity of
                  | mind. [Xom's grace]
  6697 | D:7      | Found a shimmering blue altar of Sif Muna.
  6708 | D:7      | Identified Sif Muna's Catalogue of Vitriolic Ignition
  6743 | D:7      | XOM: scenery: create altars
  6877 | D:8      | Noticed Joseph
  6877 | D:8      | Noticed a two-headed ogre
  6878 | D:8      | XOM: scenery: 1 doors open, 1 doors close
  6896 | D:8      | Killed a two-headed ogre
  6897 | D:8      | Reached skill level 12 in Axes
  6897 | D:8      | Reached skill level 1 in Evocations
  7000 | D:8      | XOM: scenery: summon butterflies
  7013 | D:8      | Killed Joseph
  7154 | D:8      | Noticed mopl's ghost (novice DsEn)
  7155 | D:8      | Found a transporter.
  7166 | D:8      | Noticed a moth of wrath
  7170 | D:8      | Found a transporter.
  7171 | D:8      | Noticed a catoblepas
  7215 | D:8      | Noticed Erica
  7410 | D:8      | Killed Erica
  7411 | D:8      | Reached skill level 13 in Axes
  7411 | D:8      | Gained mutation: You have a pair of horns on your head.
                  | [demonic ancestry]
  7411 | D:8      | Reached XP level 10. HP: 34/70 MP: 10/10
  7803 | D:9      | XOM: summons 2 friendly demons
  7913 | D:9      | XOM: 2-stop teleportation journey
  7952 | D:9      | Noticed a manticore
  7954 | D:9      | XOM: smoke on damage
  7987 | D:9      | XOM: smoke on damage
  8085 | D:9      | XOM: enchant monster (good)
  8090 | D:9      | Killed a manticore
  8127 | D:9      | XOM: divine lightning
  8141 | D:9      | Reached skill level 1 in Shields
  8160 | D:9      | XOM: give mutations
  8160 | D:9      | Gained mutation: Your mind is acute. (Int +2) [Xom's grace]
  8160 | D:9      | Gained mutation: You evolve. [Xom's grace]
  8160 | D:9      | Gained mutation: You have a pair of large horns on your
                  | head. [Xom's grace]
  8160 | D:9      | Gained mutation: Your mind is very acute. (Int +4) [Xom's
                  | grace]
  8315 | D:9      | XOM: god gift: 58 gold pieces
  8349 | D:9      | XOM: scenery: summon butterflies
  8524 | D:9      | Lost mutation: Your body sometimes deteriorates upon taking
                  | damage. [evolution]
  8524 | D:9      | Lost mutation: You evolve. [end of evolution]
  8623 | D:9      | Found a staircase to the Lair.
  8711 | D:9      | XOM: summons 6 hostile demons
  8821 | D:10     | Entered Level 10 of the Dungeon
  8829 | D:10     | XOM: cleaving
  8830 | D:10     | Paralysed by a hornet for 1 turns
  8883 | D:9      | XOM: scenery: 1 doors close
  8973 | D:10     | Noticed a two-headed ogre
  8996 | D:10     | Killed a two-headed ogre
  8997 | D:10     | Reached skill level 1 in Maces & Flails
  8997 | D:10     | Reached skill level 1 in Unarmed Combat
  8997 | D:10     | Reached skill level 1 in Translocations
  9239 | D:10     | Noticed Snorg
  9241 | D:10     | XOM: cleaving
  9259 | D:10     | XOM: god gift: scroll labelled IXKELECHIFIPN {god gift}
  9299 | D:10     | Paralysed by a hornet for 1 turns
  9309 | D:10     | XOM: summons 2 hostile demons
  9317 | D:10     | Found Oloqyp's Distillery.
  9321 | D:10     | XOM: polymorph scorpion -> ogre
  9347 | D:10     | Identified a scroll of acquirement
  9347 | D:10     | Acquired the ring of Temeyb {+Inv rElec Int+6 Dex+4 Slay+3}
  9378 | D:10     | XOM: noise
  9394 | D:10     | XOM: silly message
  9398 | D:10     | XOM: butterfly on damage
  9453 | D:10     | XOM: give mutations
  9453 | D:10     | Lost mutation: Your mind is very acute. (Int +4) [Xom's
                  | mischief]
  9453 | D:10     | Lost mutation: You occasionally shout uncontrollably at
                  | your foes. [Xom's mischief]
  9453 | D:10     | Lost mutation: You have a pair of large horns on your head.
                  | [Xom's mischief]
  9453 | D:10     | Lost mutation: You possess an exceptional clarity of mind.
                  | [Xom's mischief]
  9474 | D:10     | XOM: cloud trail
  9521 | D:10     | XOM: enchant monster (good)
  9549 | D:10     | Slain by Snorg

Illustrated notes

Levels and vault maps discovered:
D:1:      minmay_arrival_plants_in_alcoves, layout_basic, minmay_pentomino_p4
D:2:      layout_rooms, uniq_crazy_yiuf_cottage, uniq_natasha, uniq_terence
D:3:      minmay_general_purpose_star, layout_basic, lemuel_doored_altar
D:4:      layout_cave_pools, minmay_temple_entry_drinking_statues, serial_shops,
          shop, cheibriados_altar_2
D:5:      layout_loops_corners, gammafunk_temple_overflow_wave, kennysheep_mini,
          minmay_fractal_squares_5, uniq_sigmund, uniq_eustachio
D:6:      layout_gridville, hangedman_abyss_or_decor_stagger, uniq_pikel
D:7:      layout_rooms, nzn_overflow_gifts_of_might_and_magic, basic_altar,
          gammafunk_ghost_necromancy, uniq_harold
D:8:      layout_gridville, gammafunk_ghost_berserking_beasts,
          serial_bayou_ford_a, uniq_erica, uniq_joseph
D:9:      layout_basic, lair_entry_dummy
D:10:     layout_loops_ring, serial_shops, shop, uniq_snorg

Skill      XL: |  1  2  3  4  5  6  7  8  9 10 |
---------------+-------------------------------+-----
Axes           | 3 4 5 6 7 9 11 13 | 13.9
Evocations     | 2 |  2.1
Shields        | 4 |  4.0
Maces & Flails | 1 |  1.5
Unarmed Combat | 1 |  1.3
Translocations | 1 |  1.5
Fighting       | |  3.0
Armour         | |  1.7
Dodging        | |  0.8

Action                   |  1- 3 |  4- 6 |  7- 9 | 10-12 || total
-------------------------+-------+-------+-------+-------++-------
Melee: Hand axe          |    83 |   236 |   434 |   282 ||  1035
       War axe           |       |    12 |       |       ||    12
       Headbutt          |       |       |    12 |    43 ||    55
Throw: Stone             |       |     4 |       |       ||     4
       Dart              |       |     3 |     1 |       ||     4
Evoke: Wand              |       |       |    12 |     6 ||    18
  Use: Scroll            |     2 |     4 |     7 |     6 ||    19
       Potion            |       |     2 |     9 |     7 ||    18
 Stab: Petrified         |     4 |       |       |       ||     4
       Paralysed         |     2 |       |       |       ||     2
       Petrifying        |       |     2 |       |       ||     2
       Distracted        |       |     1 |     3 |     1 ||     5
       Invisible         |       |       |       |     1 ||     1
Armor: Leather armour    |     4 |       |       |       ||     4
       Troll leather arm |    25 |    69 |   149 |    60 ||   303
Dodge: Dodged            |    68 |   157 |   217 |   128 ||   570
Block: Buckler           |       |       |       |    40 ||    40
